 Dungeon Crawl Stone Soup version 0.30.1 (webtiles) character file.

Game seed: 123909000897143914

39 Arctor the Insei (level 3, -1/23 HPs)
             Began as an Octopode Transmuter on July 12, 2023.
             Slain by Sigmund
             ... wielding a +0 scythe of distortion
              (5 damage)
             ... on level 2 of the Dungeon.
             The game lasted 00:00:50 (1046 turns).

Arctor the Insei (Octopode Transmuter)              Turns: 1046, Time: 00:00:52

Health: -1/23      AC:  1    Str:  9    XL:     3   Next: 45%
Magic:  6/6        EV: 13    Int: 17    God:
Gold:   10         SH:  0    Dex: 12    Spells: 5/6 levels left

rFire   . .          .
                       - Unarmed
rCold   . . .        (no shield)
rNeg    . . .        (helmet restricted)
rPois   .            (no amulet)
rElec   .            (no ring)
rCorr   .            (no ring)
SInv    .            (no ring)
Will    .....        (no ring)
Stlth   ++           (no ring)
HPRegen 0.23/turn    (no ring)
MPRegen 0.10/turn    (no ring)
                     (no ring)

%: no passive effects
@: no status effects
A: almost no armour, amphibious, 8 rings, camouflage 1, gelatinous body 1,
(nimble swimmer 1), tentacles
a: no special abilities


You were on level 2 of the Dungeon.
You visited 1 branch of the dungeon, and saw 2 of its levels.

You collected 10 gold pieces.

Inventory:

Wands
 e - a wand of digging (1)
Scrolls
 c - a scroll of noise {unknown}
 f - a scroll of magic mapping {unknown}
Potions
 a - a potion of lignification
 b - a potion of attraction {unknown}
 d - 2 potions of curing {unknown}
 g - a potion of brilliance


   Skills:
 + Level 1.6 Fighting
 + Level 2.4 Dodging
 + Level 3.3 Unarmed Combat
 + Level 2.3 Spellcasting
 + Level 2.4 Transmutations


You had 5 spell levels left.
You knew the following spells:

 Your Spells              Type           Power      Damage    Failure   Level
a - Beastly Appendage     Tmut           20%        N/A       7%          1

Your spell library contained the following spells:

 Spells                   Type           Power      Damage    Failure   Level
 Wereblood                Tmut           10%        N/A       11%         2
 Spider Form              Tmut/Pois      6%         N/A       34%         3
 Ice Form                 Ice/Tmut       6%         N/A       75%         4


Dungeon Overview and Level Annotations

Branches:
Dungeon (2/15)

Altars:

Annotations:
D:2 Sigmund


Innate Abilities, Weirdness & Mutations

You cannot wear most types of armour.
You are amphibious.
You can wear up to eight rings at the same time.
Your skin changes colour to match your surroundings (Stealth+).
Your rubbery body absorbs attacks. (AC +1, EV +1)
((You are camouflaged when in or above water. (Stealth+)))
You have tentacles for arms and can constrict up to eight enemies at once.


Message History

The kobold shouts!
You hear a shout!
Sigmund the Dreaded comes into view.
He is wielding a +0 scythe of distortion and wearing a +1 robe of cold resistance.
Sigmund shouts!
You tentacle-slap the kobold. You grab the kobold.
The kobold is severely wounded.
You constrict the kobold.
You kill the kobold!
A quokka comes into view.
A worm comes into view.
A kobold comes into view. It is wielding a +0 dagger.
Sigmund points at you and mumbles some strange words.
You are confused.
Your tentacle spike disappears.
Sigmund drinks a potion.
Sigmund's spells are empowered!
The kobold barely misses you.
Sigmund gestures wildly while chanting.
Sigmund flickers and vanishes!
Deactivating autopickup; reactivate with Ctrl-A.
The quokka barely misses you.
You're too confused to move!
You feel less confused. The kobold barely misses you. Something hits you.
The quokka misses you. The quokka attacks as you move away!
The quokka misses you. The kobold hits you with a +0 dagger.
The quokka attacks as you move away! The quokka barely misses you.
You tentacle-slap the quokka. Your grab misses the quokka.
The quokka is severely wounded.
The quokka barely misses you. Something hits you. Space warps around you.
The quokka bites you.
You tentacle-slap the quokka.
You kill the quokka!
You closely miss the kobold. Your grab misses the kobold.
The kobold barely misses you. Something hits you. Space warps around you.
You tentacle-slap the kobold but do no damage.
You grab the kobold.
You constrict the kobold, but do no damage.
The kobold hits you with a +0 dagger.
* * * LOW HITPOINT WARNING * * *
Something hits you.
You die...

... #.#.# #..#
.... #.#.# #..#
##..##.#.###.<#
###............##
..........###.#
.......>## #.#
##.#.#..####.##.
#...............
##.#@#...###.## #
#K#)..###..
#w.....####
#......#
###.........
#..:......
..........
...........
#.......^...


You could see a worm and a kobold.

Vanquished Creatures
  A dart slug (D:1)
  6 bats (D:1)
  3 endoplasms (D:1)
  2 giant cockroaches (D:1)
  A goblin (D:1)
  A hobgoblin (D:1)
  7 kobolds
  4 quokkas
  2 ball pythons (D:1)
  3 frilled lizards (D:1)
  4 rats (D:1)
34 creatures vanquished.

Notes
Turn   | Place    | Note
-------+----------+-------------------------------------------
     0 | D:1      | Arctor the Octopode Transmuter began the quest for the Orb.
     0 | D:1      | Reached XP level 1. HP: 13/13 MP: 3/3
   162 | D:1      | Reached XP level 2. HP: 13/18 MP: 3/5
   568 | D:1      | Reached XP level 3. HP: 23/23 MP: 4/6
  1030 | D:2      | Noticed Sigmund
  1046 | D:2      | Slain by Sigmund

Illustrated notes

Levels and vault maps discovered:
D:1:      minmay_arrival_loop, layout_basic, nrook_loot_triangle
D:2:      layout_basic, uniq_jessica, uniq_sigmund, uniq_crazy_yiuf_cottage

Action                     || total
---------------------------++-------
  Melee: Unarmed           ||    71
         Kick              ||    13
         Constrict         ||    25
         Tentacles         ||    13
         Punch             ||     1
   Cast: Beastly Appendage ||    23
   Stab: Sleeping          ||     5
 Armour: Skin              ||    16
  Dodge: Dodged            ||    66
